 Seeded DCSS version 0.31-a0-848-gaac375c287 (webtiles) character file.

Game seed: 12358004965579557975 (custom seed)

30 Iich the Trooper (level 3, 33/33 HPs)
             Began as a Hill Orc Fighter on Sept 26, 2023.
             Got out of the dungeon alive.
             The game lasted 00:01:04 (902 turns).

Iich the Trooper (Hill Orc Fighter)                  Turns: 902, Time: 00:01:05

Health: 33/33      AC:  7    Str: 20    XL:     3   Next: 20%
Magic:  3/3        EV:  9    Int:  8    God:
Gold:   16         SH:  4    Dex: 10    Spells: 2/2 levels left

rFire   . . .        a - +0 war axe
rCold   . . .        c - +0 buckler
rNeg    . . .        b - +0 scale mail
rPois   .            (no helmet)
rElec   .            (no cloak)
rCorr   .            (no gloves)
SInv    .            (no boots)
Will    .....        (no amulet) Stlth
                     (no ring)
HPRegen 0.25/turn    (no ring)
MPRegen 0.08/turn

%: no passive effects
@: no status effects
A: no striking features
a: no special abilities


You escaped.
You visited 1 branch of the dungeon, and saw 1 of its levels.

You collected 16 gold pieces.

Inventory:

Hand Weapons
 a - a +0 war axe (weapon)
Armour
 b - a +0 scale mail (worn)
 c - a +0 buckler (worn)
Scrolls
 e - a scroll of vulnerability {unknown}
 g - a scroll of poison {unknown}
 j - a scroll of enchant armour {unknown}
 k - a scroll of identify {unknown}
Potions
 d - a potion of might
 f - a potion of haste {unknown}
 h - 2 potions of magic {unknown}
 i - a potion of curing {unknown}
 l - a potion of berserk rage {unknown}


   Skills:
 + Level 4.0 Fighting
 + Level 3.3 Axes
 + Level 3.7 Armour
 + Level 3.6 Shields


You had 2 spell levels left.
You didn't know any spells.
Your spell library contained the following spells:

 Spells                   Type           Power      Damage    Failure   Level
 Magic Dart               Conj           0%         1d3       83%         1
 Searing Ray              Conj           0%         2d4       92%         2
 Fulminant Prism          Conj/Hex       0%         3d5       100%        4


Dungeon Overview and Level Annotations

Branches:
Dungeon (1/15)

Altars:


Message History

A kobold and a bat come into view.
Found a whip.
There are monsters nearby!
The bat hits you but does no damage. The bat closely misses you. x2
You closely miss the bat. The bat closely misses you.
You closely miss the kobold. The kobold hits you but does no damage.
You hit the kobold.
You kill the kobold!
The bat hits you but does no damage.
You hit the bat.
You kill the bat!
No target in view!
No target in view!
No target in view!
No target in view!
No target in view!
No target in view!
No target in view!
Things that are here:
a +0 short sword; a bat corpse
Things that are here:
a +0 short sword; a bat corpse You see here a +0 whip.
You see here a +0 whip.
Things that are here:
a +0 short sword; a bat corpse Done exploring.
Done exploring.
What level of the Dungeon? (default 1, ? - help)
There is an open door here.
There is an open door here.
There is an open door here.
There is a staircase leading out of the dungeon here.
Welcome back, Iich the Hill Orc Fighter.
Game seed: 12358004965579557975 (custom seed) Press ? for a list of commands and other information.
What level of the Dungeon? (default 1, ? - help) You're already here!
You have escaped!

.......####.#####################
####......#.#.....'.....'........
............##....##..⌠.##...####
.......########...###...###...##
....#.## ##..# ##..# ##...##
......# ##.# ##.# ##...# ....#.#
#####'#####'# ##... .####.#
#.....+.....# ##.. .# #.#
##..@.##....# ##. .# #.#
##...###...# ## .####.# ##..#
##..# # ......# ##.# ##.#
......###########################
###.#............................
#.........#####......#......###
#.#.#####.### #......#......# #
###.#.# #....###......#......# #


There were no monsters in sight!

Vanquished Creatures
  2 ball pythons (D:1)
  3 endoplasms (D:1)
  A giant cockroach (D:1)
  4 hobgoblins (D:1)
  3 jackals (D:1)
  3 kobolds (D:1)
  2 quokkas (D:1)
  2 bats (D:1)
  A frilled lizard (D:1)
  4 goblins (D:1)
25 creatures vanquished.

Notes
Turn   | Place    | Note
-------+----------+-------------------------------------------
     0 | D:1      | Iich the Hill Orc Fighter began the quest for the Orb.
     0 | D:1      | Reached XP level 1. HP: 19/19 MP: 1/1
    77 | D:1      | Reached XP level 2. HP: 26/27 MP: 2/2
   517 | D:1      | Reached skill level 4 in Fighting
   517 | D:1      | Reached XP level 3. HP: 31/33 MP: 3/3
   901 | D:1      | Upgraded the game from 0.31-a0-833-gc15d34cb79 to
                  | 0.31-a0-848-gaac375c287
   902 | D:$      | Got out of the dungeon alive.

Illustrated notes

Levels and vault maps discovered:
D:1:      dpeg_arrival_triangle_fractal, layout_basic, st_stairs_2,
          minivault_27, minivault_19

Skill      XL: |  1  2 |
---------------+-------+-----
Axes           | 3 |  3.3
Fighting       | 4 |  4.0
Armour         | |  3.7
Shields        | |  3.6

Action                     || total
---------------------------++-------
  Melee: War axe           ||    69
 Armour: Scale mail        ||    44
  Dodge: Dodged            ||    28
  Block: Buckler           ||    13

Table legend: (Time is in decaauts)
 A = Elapsed time spent in this place.
 B = Non-inter-level travel time spent in this place.
 C = Inter-level travel time spent in this place.
 D = Time resting spent in this place.
 E = Time spent auto-exploring this place.
 F = Levels seen in this place.
 G = Mean time per level.
                   A        B        C        D        E       F      G
               +--------+--------+--------+--------+--------+-----+--------+
         Total |    928 |    864 |     64 |      0 |    705 |   1 |  928.0 |
       Dungeon |    928 |    864 |     64 |      0 |    705 |   1 |  928.0 |
               +--------+--------+--------+--------+--------+-----+--------+

Top non-repeatable levels by time:
     D:1: 928 daAuts
